 Dungeon Crawl Stone Soup version 0.25-a0-975-gcae8493d64 (webtiles) character file.

Game seed: 4211877543832201825, levelgen mode: deterministic

140 Flugslaktarn the Skirmisher (level 5, -2/47 HPs)
             Began as a Minotaur Fighter on May 9, 2020.
             Was an Initiate of Qazlal.
             Slain by an ogre
             ... wielding a +0 giant club
              (19 damage)
             ... on level 4 of the Dungeon.
             The game lasted 00:00:26 (794 turns).

Flugslaktarn the Skirmisher (Minotaur Fighter)       Turns: 794, Time: 00:00:27

Health: -2/47      AC:  8    Str: 21    XL:     5   Next: 2%
Magic:  4/4        EV:  7    Int:  5    God:    Qazlal [......]
Gold:   58         SH:  9    Dex: 10    Spells: 4/4 levels left

rFire    . . .     SeeInvis .   a - +0 war axe
rCold    . . .     Gourm    .   c - +0 kite shield
rNeg     . . .     Faith    .   b - +0 scale mail
rPois    .         Spirit   .   (helmet restricted)
rElec    .         Reflect  .   q - scarf {cloud immunity}
rCorr    .         Harm     .   j - +0 pair of gloves
MR       .....                  (no boots)
Stlth    ..........             (no amulet)
HPRegen  0.15/turn              (no ring)
MPRegen  0.09/turn              (no ring)

@: no status effects
A: retaliatory headbutt, horns 2
a: Renounce Religion


You were on level 4 of the Dungeon.
You worshipped Qazlal.
Qazlal was noncommittal.
You were not hungry.

You visited 1 branch of the dungeon, and saw 4 of its levels.

You collected 58 gold pieces.

Inventory:

Hand Weapons
 a - a +0 war axe (weapon)
Armour
 b - a +0 scale mail (worn)
 c - a +0 kite shield (worn)
 j - a +0 pair of gloves (worn)
   (You found it on level 3 of the Dungeon)
 q - a scarf of cloud immunity (worn)
   (You found it on level 4 of the Dungeon)
Jewellery
 h - a +2 ring of evasion {unknown}
   (You found it on level 1 of the Dungeon)
 n - an uncursed ring of protection from fire {unknown}
   (You found it on level 4 of the Dungeon)
Scrolls
 f - 2 scrolls of identify {unknown}
 g - a scroll of teleportation {unknown}
 m - 2 scrolls of amnesia {unknown}
 p - a scroll of remove curse {unknown}
Potions
 d - a potion of might
 i - a potion of resistance {unknown}
 k - a potion of heal wounds {unknown}
 l - a potion of mutation {unknown}
 o - a potion of brilliance {unknown}
Comestibles
 e - 2 rations


   Skills:
 + Level 4.4 Fighting
 * Level 4.4 Axes
 + Level 4.4 Armour
 + Level 4.4 Shields
 + Level 0.0 Invocations


You had 4 spell levels left.
You didn't know any spells.
Your spell library was empty.

Dungeon Overview and Level Annotations

Branches:
Dungeon (4/15)
 Temple: D:4-7

Altars:
Qazlal


Innate Abilities, Weirdness & Mutations

You reflexively headbutt those who attack you in melee.
You have a pair of horns on your head.


Message History

You slash the ogre!
The ogre is moderately wounded.
You closely miss the jackal. The jackal closely misses you.
You furiously retaliate!
You headbutt the jackal!
You kill the jackal!
Qazlal accepts your kill. The ogre hits you with a +0 giant club!
You block the jackal's attack.
You slash the ogre! You headbutt the ogre.
The ogre is severely wounded.
You hit the jackal but do no damage. The jackal barely misses you.
You furiously retaliate!
You headbutt the jackal. The ogre hits you with a +0 giant club!
You hit the ogre. You headbutt the ogre.
The ogre is almost dead.
You hit the jackal. The jackal barely misses you. You furiously retaliate!
You headbutt the jackal!
You kill the jackal!
Qazlal accepts your kill.
The ogre hits you with a +0 giant club!!
You die...

#.# #.## .... .# ... # .#
##...# #. ##.###### .o#.#
#. #........ #Oh.# #.
#........ ###@#)# #. #.#
#.. #<....# #. #.# #.#
..####.....###.##.#####.#
..?...)...............#..
######.....####.......<..
#.....# #.#.##..#..
#...)..#.####.#.##..#.)
########......#.##..#.#
########.##..#.#


You could see an ogre, an orc and a jackal.

Vanquished Creatures
  An ogre (D:4)
  A howler monkey (D:4)
  2 adders (D:2)
  A goblin (D:1)
  2 jackals (D:4)
  A kobold (D:2)
  A rat (D:3)
9 creatures vanquished.

Notes
Turn   | Place    | Note
-------+----------+-------------------------------------------
     0 | D:1      | Flugslaktarn the Minotaur Fighter began the quest for the
                  | Orb.
     0 | D:1      | Reached XP level 1. HP: 19/19 MP: 0/0
    53 | D:2      | Reached XP level 2. HP: 21/27 MP: 1/1
   252 | D:4      | Noticed an ogre
   262 | D:4      | Killed an ogre
   262 | D:4      | Reached XP level 3. HP: 20/34 MP: 2/2
   262 | D:4      | Reached XP level 4. HP: 24/41 MP: 3/3
   446 | D:4      | Reached XP level 5. HP: 39/47 MP: 4/4
   575 | D:4      | Found a stormy altar of Qazlal.
   635 | D:4      | Became a worshipper of Qazlal Stormbringer
   788 | D:4      | Noticed an ogre
   794 | D:4      | Slain by an ogre

Illustrated notes

Levels and vault maps discovered:
D:1:      dpeg_arrival_ratfight, layout_basic
D:2:      kennysheep_six_static_rooms, layout_rooms,
          gammafunk_temple_overflow_arena
D:3:      layout_basic, elyvilon_altar_3, nemelex_xobeh_ov_fountains_minmay,
          first_ration
D:4:      layout_loops_ring, lemuel_coloured_pillars_altar,
          kennysheep_generic_room_4, uniq_natasha

Skill      XL: |  1  2 |
---------------+-------+-----
Axes           | 4 |  4.4
Fighting       | 4 |  4.4
Armour         | 4 |  4.4
Shields        | 4 |  4.4

Action                   |  1- 3 |  4- 6 || total
-------------------------+-------+-------++-------
Melee: War axe           |    17 |     8 ||    25
       Headbutt          |     2 |     3 ||     5
Armor: Scale mail        |     3 |       ||     3
Dodge: Dodged            |     8 |     6 ||    14
Block: Kite shield       |    11 |     3 ||    14

Table legend:
 A = Non-vault XP
 B = Vault XP
 C = Vault XP percentage of total XP
 D = Non-vault monster count
 E = Vault monster count
 F = Vault count percentage of total count
                 A         B        C        D         E       F
            +---------+---------+-------+---------+---------+-------
      Total |     201 |       0 |   0.0 |       9 |       0 |   0.0
            +---------+---------+-------+---------+---------+-------
        D:1 |       2 |       0 |   0.0 |       1 |       0 |   0.0
        D:2 |      27 |       0 |   0.0 |       3 |       0 |   0.0
        D:3 |       1 |       0 |   0.0 |       1 |       0 |   0.0
        D:4 |     171 |       0 |   0.0 |       4 |       0 |   0.0
            +---------+---------+-------+---------+---------+-------
